 Dungeon Crawl Stone Soup version 0.30-a0-718-geaa24f58ff (webtiles) character file.

Game seed: 4373115151619543739

1971 hikkokomori the Trooper (level 9, 0/48 HPs)
             Began as a Vine Stalker Fighter on Jan 26, 2023.
             Was a Believer of Okawaru.
             Slain by an ogre
             ... wielding a +0 giant club
              (6 damage)
             ... on level 5 of the Dungeon.
             The game lasted 00:08:53 (4308 turns).

hikkokomori the Trooper (Vine Stalker Fighter)      Turns: 4308, Time: 00:08:54

Health: 0/48       AC: 11    Str: 20    XL:     9   Next: 20%
Magic:  0/10       EV:  7    Int:  8    God:    Okawaru [**....]
Gold:   272        SH:  6    Dex: 17    Spells: 8/8 levels left

rFire   . . .      SeeInvis .    a - +0 rapier (flame)
rCold   . . .      Faith    .    c - +0 buckler
rNeg    . . .      Spirit   +    l - +0 chain mail
rPois   .          Reflect  .    q - +1 helmet
rElec   .          Harm     .    (no cloak)
rCorr   .          Rampage  .    (no gloves)
Will    +....                    (no boots) Stlth
                                 (no amulet)
HPRegen 1.08/turn                (no ring)
MPRegen 0.12/turn                (no ring)

@: lethally poisoned (0 -> 0), studying Throwing
A: fangs 3, regeneration 1, magic shield, antimagic bite, no potion heal 2
a: Renounce Religion, Heroism


You were on level 5 of the Dungeon.
You worshipped Okawaru.
Okawaru was pleased with you.
You visited 2 branches of the dungeon, and saw 6 of its levels.
You also visited: Sewer.

You collected 272 gold pieces.

Inventory:

Hand Weapons
 a - a +0 rapier of flaming (weapon)
 t - a +4 spear
Missiles
 n - a throwing net (quivered)
Armour
 b - a +0 scale mail
 c - a +0 buckler (worn)
 l - a +0 chain mail (worn)
 q - a +1 helmet (worn)
Jewellery
 h - a ring of fire
Wands
 p - a wand of light (11)
Scrolls
 f - a scroll of immolation
 g - 4 scrolls of teleportation
 i - 3 scrolls of fog
 j - a scroll of blinking
 m - 2 scrolls of enchant armour
 s - a scroll of magic mapping
Potions
 d - a potion of might
 e - 4 potions of flight
 k - 2 potions of lignification {unknown}
 o - 2 potions of attraction
 r - 4 potions of degeneration
 u - 2 potions of heal wounds
 v - 2 potions of brilliance
 w - a potion of magic
 z - a potion of invisibility


   Skills:
 + Level 6.0 Fighting
 + Level 5.5 Short Blades
 - Level 3.7 Armour
 + Level 6.0 Shields
 + Level 4.1 Evocations


You had 8 spell levels left.
You didn't know any spells.
Your spell library contained the following spells:

 Spells                   Type           Power      Damage    Failure   Level
 Static Discharge         Conj/Air       0%         2-2/arc   100%        2
 Mephitic Cloud           Conj/Pois/Air  0%         N/A       100%        3
 Spider Form              Tmut/Pois      0%         N/A       100%        3
 Stone Arrow              Conj/Erth      0%         3d7       100%        3
 Arcjolt                  Conj/Air       0%         1d10      100%        5
 Borgnjor's Vile Clutch   Necr/Erth      0%         N/A       100%        5
 Yara's Violent Unravell  Hex/Tmut       0%         3d3       100%        5
 Discord                  Hex            0%         N/A       100%        8


Dungeon Overview and Level Annotations

Branches:
Dungeon (5/15)             Temple (1/1) D:4           Sewer (visited)

Altars:
Ashenzari
Cheibriados
Dithmenos
Elyvilon
Gozag
Hepliaklqana
Makhleb
Nemelex Xobeh
Okawaru
Ru
Sif Muna
Trog
Uskayaw
Vehumet
Wu Jian
Xom
Yredelemnul
Zin
The Shining One

Shops:
D:5 ?


Innate Abilities, Weirdness & Mutations

You have razor-sharp teeth.
Your natural rate of healing is unusually fast.
When hurt, damage is shared between your health and your magic reserves.
Your bite disrupts and absorbs the magic of your enemies.
Potions cannot restore your health.


Message History

The adder barely misses you.
The ogre hits you with a +0 giant club!!
* * * LOW HITPOINT WARNING * * *
Your Fighting skill increases to level 6!
Your Shields skill increases to level 6!
You are too injured to fight recklessly!
You are too injured to fight recklessly!
You are too injured to fight recklessly!
You are too injured to fight recklessly!
You are too injured to fight recklessly!
You are too injured to fight recklessly!
You are too injured to fight recklessly!
You are too injured to fight recklessly!
You are too injured to fight recklessly!
You are too injured to fight recklessly!
You are too injured to fight recklessly!
You are too injured to fight recklessly!
You are too injured to fight recklessly!
You are too injured to fight recklessly!
You feel very sick. The adder bites you but does no damage.
Your system rejects the healing.
You feel better. The adder bites you.
* * * LOW HITPOINT WARNING * * *
You are poisoned.
The adder poisons you!
Aiming: Bolt of Light
Press: ? - help, Shift-Dir - straight line, f - adder
Aim: an adder (57% to hit)
The bolt of light hits the adder!!
You kill the adder!
Okawaru accepts your kill.
You feel sick.
Aiming: Bolt of Light
Press: ? - help, Shift-Dir - straight line, f - ogre
Aim: an ogre, wielding a +0 giant club (88% to hit)
The bolt of light hits the ogre!
The ogre is heavily wounded.
The ogre is blinded.
You feel sick. The ogre hits you with a +0 giant club!
You die...

......##............##.#*
......##....###...>.#..#*#
............# #.....#.#*.#
............###.......##.##**
.........#..........##......*
...........#####.......#####*
.......#.###...##.....##...#*
#.####.#.##.....##...##.$...**
.........#......@#...#......,*
...###.#.#..$....O........?.,*
...).†.#.#..[....#...#......,*
#)..#..#.##.....##...##.....**
...)...#..##...#*#...#*#...#*
.##)...#...####* #...# *####
.†.#......#*,,,**#...#**,,,**
##....##.##,,,,,*#...#*,,,,,**
#####.##.#,,,,,,,#...#,,,,,,,*


You could see an ogre (blind).

Vanquished Creatures
  Pikel (D:5)
  Sigmund (D:2)
  A water moccasin (D:5)
  Pargi (D:3)
  A black bear (D:5)
  3 ogres (D:5)
  A gnoll sergeant (D:4)
  2 howler monkeys (D:5)
  2 hounds (D:5)
  2 jellies (D:5)
  Jessica (D:2)
  Ijyb (D:3)
  5 iguanas
  A sickly merfolk siren (Sewer)
  A malarious merfolk avatar (Sewer)
  12 gnolls
  9 adders
  An ufetubus (D:5)
  A dart slug (D:4)
  12 orcs
  6 endoplasms
  4 giant cockroaches
  9 goblins
  3 hobgoblins
  8 kobolds
  6 quokkas
  9 ball pythons
  5 bats
  8 frilled lizards
  33 rats
150 creatures vanquished.

Notes
Turn   | Place    | Note
-------+----------+-------------------------------------------
     0 | D:1      | hikkokomori the Vine Stalker Fighter began the quest for
                  | the Orb.
     0 | D:1      | Reached XP level 1. HP: 11/11 MP: 2/2
   181 | D:1      | Reached XP level 2. HP: 2/16 MP: 0/3
   649 | D:1      | Reached XP level 3. HP: 19/20 MP: 4/4
   908 | D:2      | Found a shimmering blue altar of Sif Muna.
   992 | D:2      | Noticed Sigmund
  1007 | D:2      | Killed Sigmund
  1008 | D:2      | Gained mutation: Your natural rate of healing is unusually
                  | fast. [Vine Stalker growth]
  1008 | D:2      | Reached XP level 4. HP: 10/25 MP: 3/5
  1008 | D:2      | Reached XP level 5. HP: 12/29 MP: 3/6
  1210 | D:2      | Noticed Jessica
  1216 | D:2      | Killed Jessica
  1217 | D:2      | Reached XP level 6. HP: 33/33 MP: 7/7
  1563 | D:3      | Noticed Pargi
  1585 | D:3      | Killed Pargi
  1856 | D:3      | Noticed Ijyb
  1877 | D:3      | Killed Ijyb
  1919 | D:3      | Got Weunk's Spellbook of Vitiation and Grit
  2667 | D:4      | Reached XP level 7. HP: 21/37 MP: 4/8
  2832 | D:4      | Found a staircase to the Ecumenical Temple.
  2841 | Temple   | Entered the Ecumenical Temple
  2850 | Temple   | Became a worshipper of Warmaster Okawaru
  3055 | D:4      | Got Xaecw's Elucidation of the Hindering Barrage
  3339 | D:5      | Entered Level 5 of the Dungeon
  3377 | D:5      | Found Koxuloyn's Magic Scroll Boutique.
  3397 | D:5      | Reached skill level 1 in Evocations
  3400 | D:5      | Found a glowing drain.
  3423 | Sewer    | Entered a sewer
  3978 | D:5      | Reached * piety under Okawaru
  4027 | D:5      | Gained mutation: You have razor-sharp teeth. [Vine Stalker
                  | growth]
  4027 | D:5      | Reached XP level 8. HP: 35/42 MP: 4/9
  4101 | D:5      | Noticed Pikel
  4115 | D:5      | Reached skill level 5 in Fighting
  4131 | D:5      | Killed Pikel
  4132 | D:5      | Reached skill level 5 in Short Blades
  4132 | D:5      | Reached skill level 5 in Shields
  4152 | D:5      | Reached XP level 9. HP: 23/48 MP: 10/10
  4298 | D:5      | Reached ** piety under Okawaru
  4308 | D:5      | Slain by an ogre

Illustrated notes

Levels and vault maps discovered:
D:1:      wander_arrival_chamber, layout_loops_ring
D:2:      layout_basic, basic_altar, uniq_sigmund, uniq_jessica
D:3:      layout_basic, grunt_ministairs_7, uniq_pargi, uniq_ijyb
D:4:      layout_gridville, temple_green, kennysheep_boxes
D:5:      kennysheep_six_static_rooms, layout_rooms,
          cheibrodos_sewer_entry_drain, serial_shops, nicolae_shop_behind_doors,
          minmay_manual_mail, uniq_pikel
Temple:   hellmonk_temple_of_storms

Skill      XL: |  1  2  3  4  5  6  7  8  9 |
---------------+----------------------------+-----
Short Blades   | 2 3 4 5 |  5.5
Fighting       | 3 4 5 6 |  6.0
Shields        | 3 4 5 6 |  6.0
Armour         | 3 |  3.7
Evocations     | 2 3 4 |  4.1

Action                     |  1- 3 |  4- 6 |  7- 9 || total
---------------------------+-------+-------+-------++-------
  Melee: Rapier            |    83 |   132 |   331 ||   546
         Bite              |    18 |    37 |    77 ||   132
 Invoke: Heroism           |       |       |     1 ||     1
  Evoke: Wand              |       |       |     8 ||     8
    Use: Potion            |     1 |       |     1 ||     2
         Scroll            |       |       |    17 ||    17
   Stab: Invisible         |       |       |     2 ||     2
 Armour: Scale mail        |    24 |       |       ||    24
         Chain mail        |     4 |    77 |   212 ||   293
  Dodge: Dodged            |    42 |    52 |   139 ||   233
  Block: Buckler           |    15 |    43 |    85 ||   143

Table legend: (Time is in decaauts)
 A = Elapsed time spent in this place.
 B = Non-inter-level travel time spent in this place.
 C = Inter-level travel time spent in this place.
 D = Time resting spent in this place.
 E = Time spent auto-exploring this place.
 F = Levels seen in this place.
 G = Mean time per level.
                   A        B        C        D        E       F      G
               +--------+--------+--------+--------+--------+-----+--------+
         Total |   4392 |   4235 |    157 |     46 |   3038 |   7 |  627.4 |
       Dungeon |   3879 |   3722 |    157 |     46 |   2812 |   5 |  775.8 |
        Temple |     47 |     47 |      0 |      0 |     15 |   1 |   47.0 |
         Sewer |    465 |    465 |      0 |      0 |    211 |   1 |  465.0 |
               +--------+--------+--------+--------+--------+-----+--------+

Top non-repeatable levels by time:
     D:3: 969 daAuts
     D:4: 875 daAuts
     D:1: 869 daAuts
     D:2: 689 daAuts
     D:5: 475 daAuts
   Sewer: 465 daAuts
  Temple: 47 daAuts
